AoeStats
← Navix de los Bosques de Lituania

Black Forest

514078393Analyzed
3v3 RM · 1d ago on Oct 16, 2026· 30m 20s· 6 players
Game mode
Random Map
Map size
Normal (6 player)
Population
200
Speed
Normal
Resources
Standard
Victory
Conquest
Starting age
Dark Age
Ending age
Imperial Age
RankedLock teamsTeams togetherTeam positionsShared explorationLock speedFull tech treeHidden civsTurbo modeCheats
Victory
Defeat
🇹🇷 Britons · Türkiye
845
+9
🇹🇷 Franks · Türkiye
698
+15
🇹🇷 Teutons · Türkiye
625
+20
vs
706
-15
🇳🇴 Koreans · Norway
678
-14
🇮🇹 Huns · Italy
648
-13
Navix de los Bosques de Lituania
3:22 Loom
m91bpm
0:32 Loom
14:09 Feudal Age
15:25 Wheelbarrow
14:38 Town Watch
15:09 Double-Bit Axe
15:40 Horse Collar
15:43 Fishing Lines
27:14 Castle Age
25:47 Scale Barding Armor
25:52 Forging
27:25 Stone Mining
27:25 Gold Mining
27:43 Gold Mining
28:24 Chain Barding Armor
28:40 Iron Casting
28:56 Bow Saw
29:05 Hand Cart
KoN_Air
1:08 Loom
12:53 Feudal Age
18:11 Castle Age
16:20 Double-Bit Axe
17:17 Horse Collar
21:07 Bow Saw
21:18 Heavy Plow
28:52 Wheelbarrow
28:38 Stone Mining
28:39 Gold Mining
NhymeL
4:36 Loom
13:03 Feudal Age
15:20 Double-Bit Axe
21:31 Castle Age
20:36 Scale Barding Armor
21:00 Gold Mining
21:23 Scale Mail Armor
22:59 Chain Barding Armor
23:04 Chain Mail Armor
23:07 Light Cavalry
23:49 Husbandry
23:53 Town Watch
24:35 Bow Saw
26:02 Gold Shaft Mining
25:48 Squires
28:26 Stone Mining
Sawyer
12:08 Feudal Age
13:20 Double-Bit Axe
19:18 Castle Age
19:22 Fletching
19:33 Padded Archer Armor
23:38 Ballistics
24:51 Bodkin Arrow
25:11 Leather Archer Armor
24:44 Crossbowman
27:49 Leather Archer Armor
camper40
9:52 Loom
12:33 Feudal Age
13:11 Double-Bit Axe
14:13 Horse Collar
22:38 Castle Age
21:41 Loom
22:54 Bloodlines
24:48 Wheelbarrow
23:59 Town Watch
27:38 Gold Mining
28:31 Hand Cart
28:32 Town Patrol
Connection lost

Rejoining the realm…

Still unreachable

The connection could not be restored.

Session expired

The server has moved on; the page needs a fresh start.